 Dungeon Crawl Stone Soup version 0.30-a0-1161-g0704695555 (webtiles) character file.

Game seed: 12027033585863252572

793 Aneyh the Spear-Bearer (level 7, 0/44 HPs)
             Began as a Tengu Monk on Apr 27, 2023.
             Slain by Grinder (7 damage)
             ... on level 4 of the Dungeon.
             The game lasted 00:06:37 (4333 turns).

Aneyh the Spear-Bearer (Tengu Monk)                 Turns: 4333, Time: 00:06:38

Health: 0/44       AC:  3    Str: 14    XL:     7   Next: 88%
Magic:  8/8        EV: 16    Int: 10    God:
Gold:   257        SH:  0    Dex: 22    Spells: 6/6 levels left

rFire   . . .        B - +3 spear
rCold   . . .        d - orb {light}
rNeg    . . .        b - +0 robe
rPois   .            (helmet restricted)
rElec   .            t - +0 cloak
rCorr   .            (no gloves)
SInv    .            (boots unavailable)
Will    .....        (no amulet)
Stlth   +            n - +6 ring of dexterity
HPRegen 0.27/turn    p - +4 ring of slaying
MPRegen 0.11/turn

%: no passive effects
@: flying quickly and evasively, glowing, quick
A: beak, talons 3, nimble flight
a: no special abilities


You were on level 4 of the Dungeon.
You visited 1 branch of the dungeon, and saw 4 of its levels.

You collected 257 gold pieces.

Inventory:

Hand Weapons
 a - a +0 spear
 c - a +0 glaive
 k - a +0 trident
 r - a +0 flail of venom
 s - a +4 quarterstaff of chaos
 A - a +2 hand axe of draining
 B - a +3 spear (weapon)
 C - a +2 battleaxe
Missiles
 h - 5 poisoned darts (quivered)
Armour
 b - a +0 robe (worn)
 d - an orb of light (worn)
 t - a +0 cloak (worn)
Jewellery
 n - a +6 ring of dexterity (left hand)
 p - a +4 ring of slaying (right hand)
 x - an amulet of guardian spirit
Scrolls
 e - 2 scrolls of teleportation
 f - a scroll of poison
 i - a scroll of fog
 l - a scroll of fear {unknown}
 o - 2 scrolls of identify {unknown}
 q - a scroll of vulnerability {unknown}
 u - a scroll of noise {unknown}
 w - a scroll of magic mapping {unknown}
 y - a scroll of immolation {unknown}
 z - a scroll of enchant armour {unknown}
Potions
 g - a potion of magic {unknown}
 j - a potion of heal wounds
 m - a potion of flight {unknown}
 v - a potion of curing {unknown}


   Skills:
 * Level 5.5 Fighting
 - Level 0.5 Long Blades
 - Level 0.2(5.0) Axes
 + Level 8.1 Polearms
 - Level 0.2 Throwing
 - Level 3.2 Dodging
 - Level 1.0 Stealth
 - Level 0.3 Unarmed Combat
 - Level 0.3 Conjurations
 - Level 0.1 Translocations


You had 6 spell levels left.
You didn't know any spells.
Your spell library was empty.

Dungeon Overview and Level Annotations

Branches:
Dungeon (4/15)
 Temple: D:4-7

Altars:
Vehumet
Xom
Zin

Shops:
D:1 *=:

Annotations:
D:4 3 runed translucent doors, Grinder; crux's ghost, amateur OpTm


Innate Abilities, Weirdness & Mutations

You have a beak for a mouth.
You have claws for feet.
Your magical nature lets you fly swiftly and evasively.


Message History

Things that are here:
a +2 battleaxe; a +0 robe
C - a +2 battleaxe You see here a +0 robe.
Things that are here:
a +0 robe; a +0 hand axe Grinder is nearby!
You throw a poisoned dart. The poisoned dart hits Grinder.
Grinder shouts!
You throw a poisoned dart.
The poisoned dart closely misses Grinder.
You throw a poisoned dart.
The poisoned dart barely misses Grinder.
You throw a poisoned dart.
The poisoned dart closely misses Grinder.
You hit Grinder but do no damage. Grinder misses you.
You puncture Grinder! You claw Grinder.
Grinder is moderately wounded.
You hit Grinder. You claw Grinder, but do no damage.
Grinder is moderately wounded.
Grinder hits you!
You writhe in agony.
You puncture Grinder!
Grinder is heavily wounded.
Grinder hits you!
You writhe in agony.
You are too injured to fight recklessly!
You are too injured to fight recklessly!
You are too injured to fight recklessly!
You hit Grinder. You claw Grinder.
Grinder is almost dead.
You hit Grinder but do no damage. Your kick misses Grinder.
Your peck misses Grinder.
Grinder is almost dead.
Grinder hits you.
* * * LOW HITPOINT WARNING * * *
You writhe in agony.
* * * LOW HITPOINT WARNING * * *
You hit Grinder.
Grinder is almost dead.
Grinder hits you!
You die...

#.....## #......[...# #.#.##.#
#####.[## ######.###.# #.#<.#.#
##..# #.# #.# #.#..#.# ##.# #.#
#.# #.#..#.# #.# #.# #.# #.#..#.#
##### #.# #.# #.####.#..#.# ....#
#.########.# #......#..#.#
....####..##......#############.#
....[...........@...........ยง.5.#
....#####....####5...############
....#####....# #....#
........#..>.# #....#
###.....###'## #....######### #
#.....###.#####............# #
#.....#......##....((......# #
#.....#......####..........# #
#.....#......# #..........#


You could see Grinder.

Vanquished Creatures
  Duvessa (D:4)
  An ogre (D:3)
  A scorpion (D:4)
  5 wights (D:4)
  Dowan (D:4)
  2 hounds (D:4)
  Crazy Yiuf (D:2)
  Terence (D:3)
  Robin (D:2)
  4 adders
  A worm (D:4)
  2 dart slugs
  3 orcs (D:3)
  4 bats
  6 endoplasms
  A giant cockroach (D:1)
  11 goblins
  6 hobgoblins
  3 jackals (D:3)
  2 kobolds
  4 quokkas
  10 ball pythons
  4 frilled lizards
  5 rats
  A butterfly (D:3)
81 creatures vanquished.

Notes
Turn   | Place    | Note
-------+----------+-------------------------------------------
     0 | D:1      | Aneyh the Tengu Monk began the quest for the Orb.
     0 | D:1      | Reached XP level 1. HP: 14/14 MP: 2/2
    25 | D:1      | Found Cent's General Store.
   108 | D:1      | Reached XP level 2. HP: 19/19 MP: 3/3
   117 | D:1      | Reached skill level 4 in Polearms
   251 | D:1      | Reached skill level 1 in Stealth
   267 | D:1      | Found Hiet's Book Emporium.
   292 | D:1      | Found Evei's Jewellery Boutique.
   459 | D:1      | Reached XP level 3. HP: 23/23 MP: 4/4
   562 | D:1      | Found a faded altar of an unknown god.
  1222 | D:2      | Found a runed translucent door.
  1223 | D:2      | Noticed Crazy Yiuf
  1373 | D:2      | Reached XP level 4. HP: 28/28 MP: 5/5
  1417 | D:2      | Noticed Robin
  1420 | D:2      | Killed Robin
  1798 | D:3      | Found a shimmering altar of Xom.
  1894 | D:3      | Noticed Terence
  1899 | D:3      | Killed Terence
  1900 | D:3      | Gained mutation: Your magical nature lets you fly swiftly
                  | and evasively. [Tengu growth]
  1900 | D:3      | Reached XP level 5. HP: 33/33 MP: 6/6
  2069 | D:2      | Killed Crazy Yiuf
  2070 | D:2      | Reached skill level 5 in Polearms
  2115 | D:3      | Noticed an ogre
  2120 | D:3      | Killed an ogre
  2121 | D:3      | Reached XP level 6. HP: 39/39 MP: 7/7
  2400 | D:3      | Found a radiant altar of Vehumet.
  2602 | D:4      | Noticed Grinder
  2607 | D:4      | Paralysed by Grinder for 3 turns
  2620 | D:4      | Reached skill level 6 in Polearms
  2626 | D:4      | Paralysed by Grinder for 4 turns
  3156 | D:4      | Found a runed translucent gate.
  3157 | D:4      | Found a runed translucent gate.
  3158 | D:4      | Found a runed translucent gate.
  3159 | D:4      | Noticed crux's ghost (amateur OpTm)
  3237 | D:4      | Found a glowing silver altar of Zin.
  3418 | D:4      | Noticed Duvessa
  3420 | D:4      | Noticed Dowan
  3431 | D:4      | Killed Duvessa
  3451 | D:4      | HP: 1/40 [Dowan/stone arrow (15)]
  3452 | D:4      | Killed Dowan
  3453 | D:4      | Reached skill level 5 in Fighting
  3453 | D:4      | Reached XP level 7. HP: 2/44 MP: 8/8
  3651 | D:4      | Reached skill level 7 in Polearms
  4255 | D:4      | Reached skill level 8 in Polearms
  4333 | D:4      | Slain by Grinder

Illustrated notes

Levels and vault maps discovered:
D:1:      dpeg_arrival_court, layout_basic,
          dreamdust_ecumenical_altar_hidden_monk_grotto, serial_shops,
          nicolae_shop_advertising_works [nicolae_subvault_shop_adworks], shop,
          nicolae_lakefront_shop
D:2:      layout_loops_corners, uniq_crazy_yiuf_cottage, uniq_robin
D:3:      layout_loops_ring, xom_butterflies, mainiacjoe_overflow_tiny_flanked,
          wad_rectangle_vault, uniq_terence
D:4:      layout_basic, mainiacjoe_overflow_concentric_impassable,
          biasface_ghost_orc_armoury, uniq_grinder, uniq_duvessa

Skill      XL: |  1  2  3  4  5  6  7 |
---------------+----------------------+-----
Polearms       | 4 5 6 8 |  8.1
Stealth        | 1 |  1.0
Fighting       | 4 5 |  5.5
Long Blades    | |  0.5
Axes           | |  0.2
Throwing       | |  0.2
Dodging        | |  3.2
Unarmed Combat | |  0.3
Conjurations   | |  0.3
Translocations | |  0.1

Action                     |  1- 3 |  4- 6 |  7- 9 || total
---------------------------+-------+-------+-------++-------
  Melee: Spear             |    83 |    94 |    40 ||   217
         Kick              |    15 |    32 |    17 ||    64
         Peck              |    13 |    16 |     8 ||    37
  Throw: Dart              |       |       |     4 ||     4
    Use: Potion            |       |     4 |       ||     4
         Scroll            |       |     3 |       ||     3
   Stab: Distracted        |       |     1 |       ||     1
 Armour: Robe              |     5 |     3 |     1 ||     9
  Dodge: Dodged            |    33 |    39 |    10 ||    82

Table legend: (Time is in decaauts)
 A = Elapsed time spent in this place.
 B = Non-inter-level travel time spent in this place.
 C = Inter-level travel time spent in this place.
 D = Time resting spent in this place.
 E = Time spent auto-exploring this place.
 F = Levels seen in this place.
 G = Mean time per level.
                   A        B        C        D        E       F      G
               +--------+--------+--------+--------+--------+-----+--------+
         Total |   4153 |   3976 |    177 |    630 |   2756 |   4 | 1038.2 |
       Dungeon |   4153 |   3976 |    177 |    630 |   2756 |   4 | 1038.2 |
               +--------+--------+--------+--------+--------+-----+--------+

Top non-repeatable levels by time:
     D:2: 1231 daAuts
     D:4: 1164 daAuts
     D:3: 1105 daAuts
     D:1: 651 daAuts
